 Dungeon Crawl Stone Soup version 0.22-a0-32-ga749362 (webtiles) character file.

16 FRamirez the Skirmisher (level 2, 0/24 HPs)
             Began as a Demonspawn Abyssal Knight on Jan 4, 2018.
             Was a Follower of Lugonu.
             Slain by a jackal (1 damage)
             ... on level 1 of the Dungeon.
             The game lasted 00:03:02 (204 turns).

FRamirez the Skirmisher (Demonspawn Abyssal Knight)  Turns: 204, Time: 00:03:07

Health: 0/24       AC:  3    Str: 12    XL:     2   Next: 41%
Magic:  4/4        EV: 11    Int: 13    God:    Lugonu [*.....]
Gold:   23         SH:  0    Dex: 12    Spells: 1/1 levels left

rFire    . . .     SeeInvis .   a - +1 falchion
rCold    . . .     Gourm    .   (no shield)
rNeg     . . .     Faith    .   b - +0 leather armour
rPois    .         Spirit   .   (no helmet)
rElec    .         Reflect  .   (no cloak)
rCorr    .         Harm     .   (no gloves)
MR       .....                  (no boots)
Stlth    +.........             (no amulet)
HPRegen  0.08/turn              (no ring)
MPRegen  0.09/turn              (no ring)

@: no status effects
A: claws 1
a: Depart the Abyss, Renounce Religion


You were on level 1 of the Dungeon.
You worshipped Lugonu.
Lugonu was aware of your devotion.
You were not hungry.

You visited 1 branch of the dungeon, and saw 1 of its levels.
You visited the Abyss 1 time.

You collected 23 gold pieces.

Inventory:

Hand Weapons
 a - a +1 falchion (weapon)
Armour
 b - a +0 leather armour (worn)
 d - a +0 ring mail
Comestibles
 c - a ration


   Skills:
 + Level 3.2 Fighting
 + Level 1.8 Long Blades
 + Level 2.2 Armour
 + Level 0.8 Dodging
 + Level 3.0 Invocations


You had one spell level left.
You didn't know any spells.

Dungeon Overview and Level Annotations

Branches:
Dungeon (1/15)

Altars:


Innate Abilities, Weirdness & Mutations

You have sharp fingernails.


Message History

Lugonu accepts your kill.
Your Invocations skill increases to level 3!
The jackal closely misses you.
The giant cockroach waves its antennae.
The giant cockroach barely misses you.
You hit the giant cockroach.
You kill the giant cockroach!
Lugonu accepts your kill. The jackal bites you.
* * * LOW HITPOINT WARNING * * *
The jackal bites you but does no damage.
The jackal closely misses you. The jackal barely misses you.
You riposte.
You hit the jackal but do no damage. You closely miss the jackal.
The jackal is moderately wounded.
The jackal bites you but does no damage.
The jackal bites you.
* * * LOW HITPOINT WARNING * * *
The jackal barely misses you. The jackal bites you.
You die...

#.# ####.#.###......###
#.!. #....#........##
....####....#..........
#......(............##
................(...##
....................#
####.......#......†#
#....####.......#
#@h.## #........#
......)†h.# .........#
.............####..#..#
##.............
#..#####
#.........##...
...#.8#. ......>....
.## #.... .[#.........
. #...8 ....#####....
#<... #...8


You could see 2 jackals.

Vanquished Creatures
  An ooze (D:1)
  A ball python (D:1)
  3 giant cockroaches (D:1)
  A hobgoblin (D:1)
  2 jackals (D:1)
  A bat (D:1)
  2 rats (D:1)
11 creatures vanquished.

Notes
Turn   | Place    | Note
-------+----------+-------------------------------------------
     0 | Abyss:1  | FRamirez the Demonspawn Abyssal Knight began the quest for the Orb.
     0 | Abyss:1  | Reached XP level 1. HP: 18/18 MP: 2/2
   110 | Abyss:1  | Noticed a small abomination
   110 | D:1      | Escaped the Abyss
   154 | D:1      | Reached * piety under Lugonu
   194 | D:1      | Gained mutation: You have sharp fingernails. [demonic ancestry]
   194 | D:1      | Reached XP level 2. HP: 23/24 MP: 4/4
   204 | D:1      | HP: 1/24 [jackal (2)]
   204 | D:1      | Slain by a jackal

Vault maps used:
D:1:      elethiomel_arrival_quiet, minmay_split_cup_large
Abyss:1:  minivault_11

Skill      XL: |  1  2 |
---------------+-------+-----
Armour         | 2 |  2.2
Invocations    | 3 |  3.0
Fighting       | |  3.2
Long Blades    | |  1.8
Dodging        | |  0.8

Action                   || total
-------------------------++-------
Melee: Falchion          ||    24
Invok: Depart the Abyss  ||     1
 Stab: Sleeping          ||     1
Armor: Leather armour    ||    11
Dodge: Dodged            ||    33
       Rpst.: Falchion   ||    11

Table legend:
 A = Spawn XP
 B = Non-spawn XP
 C = Spawn XP percentage of total XP
 D = Spawn monster count
 E = Non-spawn monster count
 F = Spawn count percentage of total count
 G = Total turns spent on level
                    A         B        C        D         E        F      G
               +---------+---------+-------+---------+---------+-------+---------
         Total |       0 |      24 |   0.0 |       0 |      11 |   0.0 |   204
               +---------+---------+-------+---------+---------+-------+---------
           D:1 |       0 |      24 |   0.0 |       0 |      11 |   0.0 |    94
               +---------+---------+-------+---------+---------+-------+---------
